 Dungeon Crawl Stone Soup version 0.24-a0-487-g57318f2ed0 (webtiles) character file.

Game seed: 15243198326784304181

69 PentaManta the Shield-Bearer (level 4, -1/35 HPs)
             Began as a Formicid Fighter on July 10, 2019.
             Slain by an iguana (9 damage)
             ... on level 3 of the Dungeon.
             The game lasted 00:05:17 (2140 turns).

PentaManta the Shield-Bearer (Formicid Fighter)     Turns: 2140, Time: 00:05:18

Health: -1/35      AC:  6    Str: 21    XL:     4   Next: 42%
Magic:  4/4        EV:  9    Int:  8    God:
Gold:   96         SH:  5    Dex: 10    Spells: 3/3 levels left

rFire    . . .     SeeInvis +   a - +0 war axe
rCold    . . .     Gourm    .   s - +0 buckler
rNeg     . . .     Faith    .   b - +0 scale mail
rPois    .         Spirit   .   (helmet unavailable)
rElec    .         Reflect  .   (no cloak)
rCorr    .         Harm     .   (no gloves)
MR       .....                  (no boots)
Stlth    ..........             (no amulet)
HPRegen  0.11/turn              (no ring)
MPRegen  0.09/turn              (no ring)

@: no status effects
A: permanent stasis, dig shafts and tunnels, four strong arms, antennae 3
a: Dig, Shaft Self


You were on level 3 of the Dungeon.
You were hungry.

You visited 1 branch of the dungeon, and saw 3 of its levels.

You collected 96 gold pieces.

Inventory:

Hand Weapons
 a - a +0 war axe (weapon)
 q - a +0 hunting sling
Missiles
 l - 2 javelins (quivered)
 p - 25 stones
Armour
 b - a +0 scale mail (worn)
 c - a +0 shield
 s - a +0 buckler (worn)
 t - a +0 chain mail
Jewellery
 o - a cursed +3 ring of protection {unknown}
 u - an uncursed ring of protection from magic {unknown}
Wands
 x - a wand of disintegration (13)
Scrolls
 j - a scroll of remove curse {unknown}
 k - a scroll of immolation {unknown}
 m - 3 scrolls of identify {unknown}
 n - a scroll of enchant armour {unknown}
 r - a scroll of amnesia {unknown}
 v - a scroll of blinking {unknown}
Potions
 d - a potion of might
 e - a potion of resistance {unknown}
 g - 2 potions of heal wounds {unknown}
 h - 2 potions of curing {unknown}
 i - a potion of ambrosia {unknown}
 w - a potion of flight {unknown}
Comestibles
 f - 9 rations


   Skills:
 - Level 3.2 Fighting
 + Level 3.3 Axes
 - Level 3.2 Armour
 + Level 4.9 Shields


You had 3 spell levels left.
You didn't know any spells.
Your spell library was empty.

Dungeon Overview and Level Annotations

Branches:
Dungeon (3/15)

Altars:


Innate Abilities, Weirdness & Mutations

You cannot be hasted, slowed, berserked, paralysed or teleported.
You can dig through walls and to a lower floor.
Your four strong arms can wield two-handed weapons with a shield.
You have a pair of large antennae on your head. (SInv)


Message History

Search for what [Enter for "."]?
You start resting.
HP restored.
You climb downwards.
You block the iguana's attack. The iguana bites you!
There is a stone staircase leading up, spattered with blood here.
You barely miss the iguana. You block the iguana's attack.
You hit the iguana.
The iguana is lightly wounded.
You block the iguana's attack. The iguana bites you.
You hit the iguana but do no damage.
The iguana is lightly wounded.
The iguana bites you!
You slash the iguana!
The iguana is severely wounded.
The iguana bites you!
* * * LOW HITPOINT WARNING * * *
You hit the iguana but do no damage.
The iguana is severely wounded.
You block the iguana's attack. The iguana bites you!
You die...

# ###.# ..####.# #
#...#####......### {
## ##.#.....##.....>..
.###................##
.##..................#
{
....#................#
#....................#
..###................#
.## #........).l@....#
## #................#
# ##..............##
##.....##.....##
##############


You could see an iguana.

Vanquished Creatures
  3 adders (D:2)
  An adder skeleton (D:3)
  A worm (D:2)
  A dart slug (D:1)
  An orc (D:3)
  7 goblins
  3 hobgoblins (D:2)
  4 bats
  6 frilled lizards
  5 kobolds
  5 rats
37 creatures vanquished.

Notes
Turn   | Place    | Note
-------+----------+-------------------------------------------
     0 | D:1      | PentaManta the Formicid Fighter began the quest for the
                  | Orb.
     0 | D:1      | Reached XP level 1. HP: 18/18 MP: 1/1
   395 | D:1      | Reached XP level 2. HP: 24/24 MP: 2/2
   510 | D:1      | Reached skill level 4 in Shields
  1368 | D:2      | Reached XP level 3. HP: 29/29 MP: 3/3
  1703 | D:2      | Reached XP level 4. HP: 33/35 MP: 4/4
  2140 | D:3      | Slain by an iguana

Levels and vault maps discovered:
D:1:      sevenhm_arrival_forest_fort_small_6, layout_basic
D:2:      layout_basic, grunt_ministairs_2, nrook_loot_triangle
D:3:      layout_rooms, uniq_jessica, uniq_crazy_yiuf_cottage

Skill      XL: |  1  2  3 |
---------------+----------+-----
Shields        | 4 |  4.9
Axes           | 3 |  3.3
Fighting       | |  3.2
Armour         | |  3.2

Action                   |  1- 3 |  4- 6 || total
-------------------------+-------+-------++-------
Melee: War axe           |    68 |    30 ||    98
  Eat: Chunk             |     2 |     1 ||     3
Armor: Scale mail        |    29 |     7 ||    36
Dodge: Dodged            |    31 |    13 ||    44
Block: Shield            |    21 |       ||    21
       Buckler           |     5 |     8 ||    13

Table legend:
 A = Non-vault XP
 B = Vault XP
 C = Vault XP percentage of total XP
 D = Non-vault monster count
 E = Vault monster count
 F = Vault count percentage of total count
                 A         B        C        D         E       F
            +---------+---------+-------+---------+---------+-------
      Total |      96 |       3 |   3.0 |      35 |       2 |   5.4
            +---------+---------+-------+---------+---------+-------
        D:1 |      19 |       0 |   0.0 |      12 |       0 |   0.0
        D:2 |      64 |       3 |   4.5 |      16 |       2 |  11.1
        D:3 |      13 |       0 |   0.0 |       7 |       0 |   0.0
            +---------+---------+-------+---------+---------+-------
